 Dungeon Crawl Stone Soup version 0.23.1 (webtiles) character file.

Game seed: 0

5985 Borgoz the Sneak (level 10, 0/83 HPs)
             Began as a Ghoul Enchanter on Mar 4, 2019.
             Was an Initiate of Ashenzari.
             Slain by a two-headed ogre
             ... wielding a +0 giant club
              (4 damage)
             ... on level 9 of the Dungeon.
             The game lasted 00:28:33 (12339 turns).

Borgoz the Sneak (Ghoul Enchanter)                 Turns: 12339, Time: 00:28:33

Health: 0/83       AC:  3    Str: 13    XL:     10   Next: 85%
Magic:  15/16      EV: 15    Int: 12    God:    Ashenzari [......]
Gold:   404        SH:  0    Dex: 13    Spells: 11/18 levels left

rFire    . . .     SeeInvis +   b - +2 short sword (drain)
rCold    + . .     Gourm    .   (no shield)
rNeg     + + +     Faith    .   l - +0 robe
rPois    ∞         Spirit   .   i - +0 helmet (curse)
rElec    .         Reflect  .   (no cloak)
rCorr    .         Harm     .   (no gloves)
MR       .....                  (no boots)
Stlth    ++++......             y - amulet of magic regeneration
HPRegen  0.00/turn              k - ring of see invisible
MPRegen  0.40/turn              e - +3 ring of dexterity (curse)

@: rotting
A: rotting body, claws 1, carnivore, cold resistance 1, negative energy
resistance 3, inhibited regeneration, torment resistance, unbreathing
a: Curse Item, Renounce Religion


You were on level 9 of the Dungeon.
You worshipped Ashenzari.
Ashenzari was noncommittal.
You were not hungry.

You visited 2 branches of the dungeon, and saw 10 of its levels.

You collected 404 gold pieces.

Inventory:

Hand Weapons
 a - a +6 dagger
 b - a +2 short sword of draining (weapon)
 B - a cursed -3 rapier
Missiles
 v - 12 poisoned needles
 C - 4 poisoned tomahawks (quivered)
 H - a throwing net
Armour
 h - a +2 ring mail of fire resistance
 i - a cursed +0 helmet (worn)
 l - a +0 robe (worn)
Jewellery
 e - a cursed +3 ring of dexterity (right claw)
 k - a ring of see invisible (left claw)
 u - an uncursed ring of stealth
 x - a +2 amulet of reflection
 y - an amulet of magic regeneration (around neck)
 A - an uncursed amulet of the acrobat
Wands
 g - a wand of paralysis (7)
 q - a wand of acid (11)
Scrolls
 c - 3 scrolls of teleportation
 f - a scroll of blinking
 j - 2 scrolls of remove curse
 o - 3 scrolls of enchant weapon
 r - a scroll of fear
Potions
 m - 3 potions of curing
 n - 2 potions of invisibility
 p - 2 potions of resistance
 s - 3 potions of flight
 t - a potion of mutation {unknown}
 z - a potion of haste {unknown}
 E - a potion of lignification {unknown}
Comestibles
 d - 8 rations
 w - 12 chunks of flesh


   Skills:
 + Level 5.7 Fighting
 * Level 7.5 Short Blades
 + Level 3.8 Armour
 * Level 6.6 Dodging
 + Level 7.7 Stealth
 + Level 4.7 Spellcasting
 + Level 5.0 Hexes


You had 11 spell levels left.
You knew the following spells:

 Your Spells              Type           Power        Failure   Level  Hunger
a - Corona                Hex            ###....      2%          1    None
b - Ensorcelled Hibernat  Hex/Ice        #.....       11%         2    ##.....
c - Confuse               Hex            ###.....     8%          3    ###....
d - Confusing Touch       Hex            ###...       2%          1    None

Your spell library contained the following spells:

 Spells                   Type           Power        Failure   Level  Hunger
 Tukima's Dance           Hex            ###.....     8%          3    ###....
 Animate Skeleton         Necr           N/A          21%         1    None
 Apportation              Tloc           #.....       21%         1    None
 Summon Small Mammal      Summ           #...         21%         1    None
 Dazzling Spray           Conj/Hex       #.....       22%         3    ###....
 Summon Guardian Golem    Hex/Summ       #.......     22%         3    ###....
 Call Imp                 Summ           #.......     30%         2    ##.....
 Call Canine Familiar     Summ           #.......     52%         3    ###....
 Summon Ice Beast         Ice/Summ       #.......     90%         4    ####...
 Summon Lightning Spire   Summ/Air       #.......     90%         4    ####...


Dungeon Overview and Level Annotations

Branches:
Dungeon (9/15)             Temple (1/1) D:4            Lair (0/6) D:8
    Orc: D:9-12

Altars:
Ashenzari
Cheibriados
Dithmenos
Elyvilon
Fedhas
Gozag
Hepliaklqana
Kikubaaqudgha
Makhleb
Okawaru
Ru
Sif Muna
Trog
Uskayaw
Vehumet
Wu Jian
Xom
Yredelemnul
Zin
The Shining One

Shops:
D:5 *

Annotations:
D:6 3 runed translucent doors, Scaeme's ghost, novice GrEE


Innate Abilities, Weirdness & Mutations

Your body is rotting away.
You thrive on raw meat.
You are immune to poison.
You have sharp fingernails.
You are carnivorous and can eat meat at any time.
Your flesh is cold resistant. (rC+)
You are immune to negative energy. (rN+++)
You do not regenerate when monsters are visible.
You are immune to unholy pain and torment.
You can survive without breathing.


Message History

The orc wizard is moderately wounded.
The orc hits you with a +0 flail! The orc wizard misses you.
You hit the orc wizard but do no damage.
You drain the orc wizard.
The orc wizard is heavily wounded.
The orc hits you with a +0 flail.
Unknown command.
The orc wizard hits you with a +0 dagger.
The orc wizard closely misses the orc.
The orc misses you.
There is an open door here.
Casting: Confusing Touch (safe; 2% risk of failure)
Confirm with . or Enter, or press ? or * to list all spells.
Your claws begin to glow red.
The two-headed ogre hits you with a +0 giant club!!
* * * LOW HITPOINT WARNING * * *
The two-headed ogre barely misses you.
You hit the two-headed ogre but do no damage.
The two-headed ogre appears confused.
The two-headed ogre hits you with a +0 giant club.
You die...

#.................+
#.................#
#..........########
#..........#
#..........#
#..........#
#..........#
#.....###'######
#..(.@Ooo.o.....
#.....#o.)......
#....(#.........
#.....##########
#######


You could see a two-headed ogre (confused), an orc wizard (confused) and 3 orcs.

Vanquished Creatures
  A two-headed ogre (D:8)
  Pikel (D:7)
  A yak (D:7)
  A hungry ghost (D:7)
  A steam dragon (D:8)
  3 porcupines (D:8)
  3 black bears (D:8)
  2 sky beasts (D:7)
  3 phantoms
  2 ice beasts
  5 ogres
  A necrophage (D:8)
  8 centaurs
  2 crocodiles (D:8)
  4 bullfrogs
  A wyvern skeleton (D:7)
  5 killer bees
  4 crimson imps
  5 howler monkeys
  A quasit (D:8)
  A centaur zombie (D:7)
  6 hounds
  3 jellies
  An orc priest (D:7)
  A bullfrog skeleton (D:9)
  2 centaur skeletons (D:4)
  6 orc wizards
  5 iguanas
  8 worker ants
  A hound zombie (D:7)
  A howler monkey skeleton (D:6)
  3 gnolls (D:8)
  9 adders
  2 shadow imps
  2 oozes
  4 adder skeletons
  A worm (D:2)
  4 dart slugs
  A leopard gecko (D:7)
  26 orcs
  6 giant cockroaches
  7 goblins
  6 hobgoblins
  21 jackals
  4 quokkas
  10 bats
  2 frilled lizards
  6 kobolds
  6 rats
209 creatures vanquished.

Vanquished Creatures (others)
  4 slaves (D:7)
  21 fungi
  4 plants
29 creatures vanquished.

Grand Total: 238 creatures vanquished

Notes
Turn   | Place    | Note
-------+----------+-------------------------------------------
     0 | D:1      | Borgoz the Ghoul Enchanter began the quest for the Orb.
     0 | D:1      | Reached XP level 1. HP: 14/14 MP: 2/2
    73 | D:1      | Reached skill level 1 in Short Blades
   434 | D:1      | Reached XP level 2. HP: 15/20 MP: 3/3
   593 | D:1      | Learned a level 2 spell: Ensorcelled Hibernation
   873 | D:1      | Reached XP level 3. HP: 26/26 MP: 4/4
  1502 | D:2      | Found a sacrificial altar of Ru.
  1841 | D:2      | Reached XP level 4. HP: 33/33 MP: 5/5
  2226 | D:2      | Learned a level 3 spell: Confuse
  3074 | D:3      | Reached XP level 5. HP: 38/39 MP: 6/6
  3607 | D:4      | Reached skill level 1 in Fighting
  3632 | D:4      | Reached skill level 1 in Armour
  3706 | D:4      | Reached XP level 6. HP: 15/47 MP: 0/8
  4340 | D:4      | Noticed a phantom
  4681 | D:4      | Killed a phantom
  4815 | D:4      | Found a hide-covered altar of Uskayaw.
  4816 | D:4      | Found an opulent altar of Gozag.
  4817 | D:4      | Found a glowing golden altar of the Shining One.
  4817 | D:4      | Found an iron altar of Okawaru.
  4859 | D:4      | Found a staircase to the Ecumenical Temple.
  4864 | Temple   | Entered the Ecumenical Temple
  5229 | D:5      | Entered Level 5 of the Dungeon
  5229 | D:5      | Found Zin's Purification Station.
  5229 | D:5      | Found a glowing silver altar of Zin.
  5545 | D:6      | Reached XP level 7. HP: 22/55 MP: 4/9
  5550 | D:6      | Reached skill level 5 in Stealth
  5575 | D:6      | HP: 1/56 [crimson imp (3)]
  6013 | D:6      | Reached XP level 8. HP: 19/62 MP: 3/11
  6697 | D:5      | Reached skill level 5 in Short Blades
  7164 | D:5      | Found a shattered altar of Ashenzari.
  7183 | D:5      | Became a worshipper of Ashenzari the Shackled
  7988 | D:6      | Found a runed translucent gate.
  7988 | D:6      | Found a runed translucent gate.
  7988 | D:6      | Found a runed translucent gate.
  7989 | D:6      | Noticed a kobold demonologist
  7990 | D:6      | Noticed Scaeme's ghost (novice GrEE)
  8173 | D:6      | Reached XP level 9. HP: 42/71 MP: 8/13
  9589 | D:7      | Reached skill level 5 in Dodging
  9892 | D:7      | Learned a level 1 spell: Confusing Touch
 10020 | D:7      | Noticed Pikel
 10048 | D:7      | Killed Pikel
 10069 | D:6      | Reached XP level 10. HP: 24/80 MP: 15/15
 10575 | D:8      | Noticed a two-headed ogre
 10598 | D:7      | Reached skill level 5 in Fighting
 11002 | D:8      | Killed a two-headed ogre
 11926 | D:8      | Reached skill level 5 in Hexes
 12211 | D:8      | Found a staircase to the Lair.
 12322 | D:9      | Noticed a two-headed ogre
 12338 | D:9      | HP: 4/83 [two-headed ogre/+0 giant club (32)]
 12339 | D:9      | Slain by a two-headed ogre

Skill      XL: |  1  2  3  4  5  6  7  8  9 10 |
---------------+-------------------------------+-----
Short Blades   | 1 2 3 4 5 6 7 |  7.5
Dodging        | 2 3 4 5 6 |  6.6
Stealth        | 4 5 6 7 |  7.7
Fighting       | 1 2 3 4 5 |  5.7
Armour         | 1 2 3 |  3.8
Spellcasting   | 2 3 4 |  4.7
Hexes          | 3 4 5 |  5.0

Action                   |  1- 3 |  4- 6 |  7- 9 | 10-12 || total
-------------------------+-------+-------+-------+-------++-------
Melee: Dagger            |    97 |   216 |   213 |       ||   526
       Short sword       |       |     4 |   182 |   196 ||   382
 Cast: Ensorcelled Hiber |       |    14 |    35 |    18 ||    67
       Confuse           |       |     4 |     8 |     5 ||    17
       Confusing Touch   |       |       |       |     9 ||     9
Invok: Curse Item        |       |       |     2 |       ||     2
Evoke: Wand              |       |       |     1 |       ||     1
  Use: Potion            |     3 |     1 |     1 |       ||     5
       Scroll            |       |     7 |     3 |     5 ||    15
 Stab: Sleeping          |     9 |     8 |    18 |    10 ||    45
       Confused          |       |     1 |     3 |     9 ||    13
       Distracted        |       |       |     1 |       ||     1
       Paralysed         |       |       |     1 |       ||     1
  Eat: Chunk             |     6 |    17 |    22 |    21 ||    66
Armor: Robe              |    30 |    33 |    52 |    18 ||   133
Dodge: Dodged            |    66 |   123 |   256 |   116 ||   561
